 Dungeon Crawl Stone Soup version 0.27-a0-1191-g601b473118 (webtiles) character file.

Game seed: 14762108857481133279

985 sizableburger the Poker (level 8, -5/53 HPs)
             Began as a Merfolk Necromancer on May 23, 2021.
             Was an Initiate of Fedhas.
             Shot with an arrow by a centaur (14 damage)
             ... on level 7 of the Dungeon.
             The game lasted 00:18:02 (9437 turns).

sizableburger the Poker (Merfolk Necromancer)       Turns: 9437, Time: 00:18:03

Health: -5/53      AC:  3    Str:  8    XL:     8   Next: 18%
Magic:  1/12       EV: 13    Int: 16    God:    Fedhas [......]
Gold:   271        SH:  0    Dex: 15    Spells: 7/13 levels left

rFire    . . .     SeeInvis .   b - +0 spear (freeze)
rCold    . . .     Faith    .   (no shield)
rNeg     . . .     Spirit   .   a - +1 robe
rPois    .         Reflect  .   (no helmet)
rElec    .         Harm     .   (no cloak)
rCorr    .         Rampage  .   (no gloves)
Will     .....                  (no boots)
Stlth    ++........             h - amulet of magic regeneration
HPRegen  0.17/turn              (no ring)
MPRegen  0.38/turn              (no ring)

@: no status effects
A: (nimble swimmer 2), mertail
a: Renounce Religion


You were on level 7 of the Dungeon.
You worshipped Fedhas.
Fedhas was noncommittal.
You visited 2 branches of the dungeon, and saw 8 of its levels.

You collected 271 gold pieces.

Inventory:

Hand Weapons
 b - a +0 spear of freezing (weapon)
Missiles
 f - 5 boomerangs (quivered)
 s - 2 javelins
Armour
 a - a +1 robe (worn)
Jewellery
 h - an amulet of magic regeneration (around neck)
Wands
 g - a wand of paralysis (8)
 o - a wand of acid (9)
 p - a wand of iceblast (7)
Scrolls
 c - a scroll of blinking
 e - 2 scrolls of identify
 l - a scroll of teleportation {unknown}
 n - a scroll of noise {unknown}
 q - a scroll of fog {unknown}
 r - a scroll of torment {unknown}
Potions
 d - 2 potions of degeneration
 i - 3 potions of curing
 j - a potion of cancellation {unknown}
 k - a potion of attraction {unknown}
 m - 2 potions of heal wounds


   Skills:
 - Level 0.3 Fighting
 + Level 7.9 Polearms
 - Level 1.6 Throwing
 - Level 2.8 Dodging
 - Level 2.1 Stealth
 - Level 3.0 Spellcasting
 - Level 6.0 Necromancy
 + Level 0.8 Air Magic
 + Level 1.1 Poison Magic


You had 7 spell levels left.
You knew the following spells:

 Your Spells              Type           Power      Damage    Failure   Level
a - Pain                  Necr           84%        1d8       1%          1
b - Vampiric Draining     Necr           10%        2d7       4%          3
c - Poisonous Vapours     Pois/Air       10%        N/A       19%         2

Your spell library contained the following spells:

 Spells                   Type           Power      Damage    Failure   Level
 Animate Skeleton         Necr           42%        N/A       1%          1
 Animate Dead             Necr           10%        N/A       16%         4
 Mephitic Cloud           Conj/Pois/Air  4%         N/A       38%         3
 Agony                    Necr           21%        N/A       41%         5
 Confusing Touch          Hex            2%         N/A       50%         3
 Conjure Flame            Conj/Fire      2%         6-21      50%         3
 Gell's Gravitas          Tloc           1%         N/A       50%         3
 Petrify                  Tmut/Erth      2%         N/A       88%         4
 Metabolic Englaciation   Hex/Ice        1%         N/A       99%         5
 Yara's Violent Unravell  Hex/Tmut       1%         3d3       99%         5
 Freezing Cloud           Conj/Ice/Air   1%         6-21      100%        6


Dungeon Overview and Level Annotations

Branches:
Dungeon (7/15)             Temple (1/1) D:5

Altars:
Ashenzari
Cheibriados
Dithmenos
Elyvilon
Fedhas
Gozag
Kikubaaqudgha
Makhleb
Nemelex Xobeh
Okawaru
Qazlal
Ru
Sif Muna
Trog
Uskayaw
Vehumet
Xom
Zin

Annotations:
D:7 Maggie


Innate Abilities, Weirdness & Mutations

((You are quick and stealthy near water. (Stealth+, EV+, Speed+++)))
Your lower body shifts to a powerful aquatic tail in water.


Message History

The ice beast hits you. The ice beast freezes you.
Unknown command.
Casting: Vampiric Draining (dangerous; 4% risk of failure)
Confirm with . or Enter, or press ? or * to list all spells.
Aiming: Vampiric Draining (dangerous; 4% risk of failure)
Press: ? - help, Shift-Dir - straight line, f/p - ice beast
Aim: an ice beast (heavily wounded)
You draw life force from the ice beast!
You feel life coursing into your body. The ice beast hits you.
The ice beast freezes you!
Unknown command.
Casting: Vampiric Draining (dangerous; 4% risk of failure)
Confirm with . or Enter, or press ? or * to list all spells.
Aiming: Vampiric Draining (dangerous; 4% risk of failure)
Press: ? - help, Shift-Dir - straight line, f/p - ice beast
Aim: an ice beast (almost dead)
You draw life force from the ice beast.
You feel life coursing into your body. The ice beast hits you.
The ice beast freezes you!
* * * LOW HITPOINT WARNING * * *
Unknown command.
An ogre comes into view. It is wielding a +0 giant spiked club.
Found 20 gold pieces.
Maggie the Vainglorious comes into view.
She is wielding a +0 glaive.
You see here a potion of magic.
A centaur comes into view.
The centaur wields a +0 shortbow.
The centaur shoots an arrow.
The arrow hits you.
* * * LOW HITPOINT WARNING * * *
Found a stormy altar of Qazlal.
Casting: Vampiric Draining (dangerous; 4% risk of failure)
Confirm with . or Enter, or press ? or * to list all spells.
Aiming: Vampiric Draining (dangerous; 4% risk of failure)
Press: ? - help, Shift-Dir - straight line, f/p - ice beast
Aim: an ice beast (almost dead)
You draw life force from the ice beast.
You kill the ice beast!
Fedhas accepts your kill.
You feel life coursing into your body.
The centaur shoots an arrow.
The arrow hits you!
You die...
Fedhas appreciates your contribution to the ecosystem.

.# ..# .# ## ...
$....... . ..
#.##.#.# .# #.
#.##.#.##.# .
#@##.##.......# ...
#..........#...
....#.....#.#......
_...^...!.........#
...#..@#.#<##.#O.
#...#..........
#...###.####..?
#...# #.# ....# #..
...... #### ######c
.


You could see Maggie and a centaur.

Vanquished Creatures
  A steam dragon (D:6)
  A black bear (D:6)
  An ice beast (D:7)
  A sky beast (D:5)
  Blork the orc (D:5)
  A water moccasin skeleton (D:4)
  2 crimson imps (D:6)
  3 hounds
  2 bullfrog skeletons
  A centaur skeleton (D:3)
  Terence (D:3)
  3 iguanas
  A howler monkey zombie (D:5)
  3 gnolls (D:2)
  11 adders
  An ufetubus (D:6)
  A worm (D:4)
  A dart slug (D:1)
  2 orcs
  6 endoplasms
  3 giant cockroaches
  7 goblins
  6 hobgoblins
  3 jackals (D:4)
  4 quokkas
  4 ball pythons
  3 bats
  2 frilled lizards (D:2)
  6 kobolds
  10 rats
92 creatures vanquished.

Vanquished Creatures (others)
  9 plants (D:1)
9 creatures vanquished.

Grand Total: 101 creatures vanquished

Notes
Turn   | Place    | Note
-------+----------+-------------------------------------------
     0 | D:1      | sizableburger the Merfolk Necromancer began the quest for
                  | the Orb.
     0 | D:1      | Reached XP level 1. HP: 13/13 MP: 3/3
   486 | D:1      | Found a faded altar of an unknown god.
   507 | D:1      | Reached XP level 2. HP: 13/19 MP: 0/5
  1600 | D:2      | Reached XP level 3. HP: 21/24 MP: 3/6
  1749 | D:2      | Learned a level 3 spell: Vampiric Draining
  1923 | D:2      | Reached skill level 1 in Throwing
  2211 | D:2      | Reached XP level 4. HP: 27/30 MP: 5/8
  2555 | D:2      | Reached skill level 1 in Polearms
  3619 | D:3      | Reached skill level 2 in Polearms
  3619 | D:3      | Reached XP level 5. HP: 23/35 MP: 2/9
  3941 | D:3      | Noticed Terence
  4248 | D:3      | Killed Terence
  4249 | D:3      | Reached skill level 3 in Polearms
  4606 | D:3      | Found an iron altar of Okawaru.
  4804 | D:4      | Identified the +0 ring mail "Hupn" {Fly Dex+2}
  5117 | D:4      | Reached XP level 6. HP: 32/41 MP: 6/10
  5306 | D:4      | Reached skill level 4 in Polearms
  6035 | D:5      | Entered Level 5 of the Dungeon
  6035 | D:5      | Noticed a sky beast
  6061 | D:5      | Killed a sky beast
  6062 | D:5      | Reached skill level 5 in Polearms
  6062 | D:5      | Reached skill level 5 in Necromancy
  6343 | D:5      | Noticed Blork the orc
  6359 | D:5      | Killed Blork the orc
  6360 | D:5      | Reached XP level 7. HP: 16/46 MP: 5/11
  6663 | D:5      | Found a staircase to the Ecumenical Temple.
  6674 | Temple   | Entered the Ecumenical Temple
  6735 | Temple   | Became a worshipper of Fedhas Madash
  6811 | D:5      | Reached skill level 6 in Polearms
  6952 | D:5      | Found a hide-covered altar of Uskayaw.
  7146 | D:6      | Noticed a steam dragon
  7156 | D:6      | Killed a steam dragon
  7349 | D:6      | Reached skill level 7 in Polearms
  7965 | D:5      | Found a bloodstained altar of Trog.
  7971 | D:5      | Found a snail-covered altar of Cheibriados.
  8078 | D:5      | Found an opulent altar of Gozag.
  8310 | D:6      | Found a broken altar of Ashenzari.
  8322 | D:6      | Reached XP level 8. HP: 32/52 MP: 12/12
  8468 | D:6      | Learned a level 2 spell: Poisonous Vapours
  9059 | D:6      | Found a shimmering altar of Xom.
  9331 | D:6      | Reached skill level 1 in Poison Magic
  9435 | D:7      | Noticed Maggie
  9436 | D:7      | Found a stormy altar of Qazlal.
  9437 | D:7      | Shot with an arrow by a centaur

Illustrated notes

Levels and vault maps discovered:
D:1:      lightli_arrival_flooded_house, layout_rooms,
          shapermc_ecumenical_altar_mp_ritualfount, minmay_split_cup_large
D:2:      layout_basic, minmay_misc_feat_encased
D:3:      layout_rooms, okawaru_trees_1, uniq_terence
D:4:      layout_basic
D:5:      layout_loops_ring, eat_drink_and_be_merry_uskayaw,
          lemuel_coloured_pillars_altar, minitemple, minmay_temple_entry_glass,
          uniq_blork_the_orc
D:6:      layout_cave_pools, led_xom_imps, overflow_temple_1_default,
          hangedman_glass_teeth
D:7:      layout_loops_cross, lemuel_tele_altar, uniq_maggie
Temple:   jpeg_temple_alley_garden

Skill      XL: |  1  2  3  4  5  6  7  8 |
---------------+-------------------------+-----
Throwing       | 1 |  1.6
Spellcasting   | 3 |  3.0
Polearms       | 2 3 5 7 |  7.9
Necromancy     | 4 5 6 |  6.0
Poison Magic   | 1 |  1.1
Fighting       | |  0.3
Dodging        | |  2.8
Stealth        | |  2.1
Air Magic      | |  0.8

Action                   |  1- 3 |  4- 6 |  7- 9 || total
-------------------------+-------+-------+-------++-------
Melee: Unarmed           |     1 |       |       ||     1
       Spear             |       |    95 |   149 ||   244
Throw: Boomerang         |       |    11 |    22 ||    33
       Throwing net      |       |     2 |       ||     2
 Cast: Pain              |    65 |    70 |     8 ||   143
       Vampiric Draining |       |    24 |    17 ||    41
  Use: Potion            |     2 |     1 |     3 ||     6
       Scroll            |       |     6 |     1 ||     7
 Stab: Sleeping          |       |     4 |     3 ||     7
Armor: Robe              |     3 |    28 |    37 ||    68
Dodge: Dodged            |     3 |    68 |    84 ||   155

Table legend: (Time is in decaauts)
 A = Elapsed time spent in this place.
 B = Non-inter-level travel time spent in this place.
 C = Inter-level travel time spent in this place.
 D = Time resting spent in this place.
 E = Time spent auto-exploring this place.
 F = Levels seen in this place.
 G = Mean time per level.
                   A        B        C        D        E       F      G
               +--------+--------+--------+--------+--------+-----+--------+
         Total |   9365 |   8904 |    461 |   4320 |   3533 |   8 | 1170.6 |
       Dungeon |   9262 |   8841 |    421 |   4320 |   3481 |   7 | 1323.1 |
        Temple |    102 |     62 |     40 |      0 |     52 |   1 |  102.0 |
               +--------+--------+--------+--------+--------+-----+--------+

Top non-repeatable levels by time:
     D:2: 1983 daAuts
     D:5: 1662 daAuts
     D:6: 1555 daAuts
     D:1: 1547 daAuts
     D:4: 1252 daAuts
     D:3: 1230 daAuts
  Temple: 102 daAuts
     D:7: 30 daAuts
